 Dungeon Crawl Stone Soup version 0.28-a0-938-gbc3f381ebc (webtiles) character file.

Game seed: 2884168988538991650

494 greenreed the Firebug (level 7, 0/75 HPs)
             Began as a Gnoll Fire Elementalist on Nov 29, 2021.
             Slain by Pikel (5 damage)
             ... on level 4 of the Dungeon.
             The game lasted 00:19:49 (5261 turns).

greenreed the Firebug (Gnoll Fire Elementalist)     Turns: 5261, Time: 00:19:50

Health: 0/75       AC: 23    Str:  8    XL:     7   Next: 15%
Magic:  12/15      EV:  2    Int: 19    God:
Gold:   42         SH:  5    Dex: 14    Spells: 11/17 levels left

rFire   . . .      SeeInvis .   k - +0 halberd (pain)
rCold   . . .      Faith    .   (shield currently unavailable)
rNeg    . . .      Spirit   .   (armour currently unavailable)
rPois   +          Reflect  +   (helmet currently unavailable)
rElec   .          Harm     .   (cloak currently unavailable)
rCorr   .          Rampage  .   (gloves currently unavailable)
Will    .....      NoTele   +   (boots currently unavailable)
Stlth   +++.......              r - amulet "Kiohuomn" {Reflect Int+3 Dex+2 SH+5}
HPRegen 0.22/turn               (no ring)
MPRegen 0.14/turn               (no ring)

@: tree-form
A: stationary, stasis, torment immunity, boosted hp, (fangs 1), strong nose,
distributed training
a: no special abilities


You were on level 4 of the Dungeon.
You were a tree.
You visited 1 branch of the dungeon, and saw 5 of its levels.

You collected 162 gold pieces.
You spent 120 gold pieces at shops.

Inventory:

Hand Weapons
 k - a +0 halberd of pain (weapon)
Missiles
 f - 19 poisoned darts
 j - a throwing net
Armour
 a - a +0 robe (melded)
 c - a +0 cloak (melded)
 q - a +0 pair of boots (melded)
Jewellery
 r - the amulet "Kiohuomn" (around neck) {Reflect Int+3 Dex+2 SH+5}
   (You bought it in a shop on level 4 of the Dungeon)

   [amulet of reflection]

   It reflects blocked missile attacks.
   Int:       It affects your intelligence (+3).
   Dex:       It affects your dexterity (+2).
   SH:        It affects your SH (+5).
Scrolls
 l - a scroll of noise {unknown}
 m - a scroll of fog {unknown}
 n - a scroll of fear {unknown}
 s - a scroll of silence {unknown}
 t - a scroll of torment {unknown}
 v - a scroll of magic mapping {unknown}
Potions
 b - a potion of lignification
 d - a potion of might
 e - a potion of curing
 g - a potion of cancellation {unknown}
 h - a potion of haste {unknown}
 i - a potion of flight {unknown}
 o - a potion of ambrosia {unknown}
 p - 2 potions of heal wounds {unknown}
 u - a potion of mutation {unknown}


   Skills:
 + Level 2.3 Fighting
 + Level 2.3 Short Blades
 + Level 2.3 Long Blades
 + Level 2.3 Axes
 + Level 2.3 Maces & Flails
 + Level 2.3 Polearms
 + Level 2.3 Staves
 + Level 2.3 Slings
 + Level 2.3 Bows
 + Level 2.3 Crossbows
 + Level 2.3 Throwing
 + Level 2.3 Armour
 + Level 5.1 Dodging
 + Level 4.8 Stealth
 + Level 2.3 Shields
 + Level 2.3 Unarmed Combat
 + Level 5.5 Spellcasting
 + Level 2.8 Conjurations
 + Level 1.8 Hexes
 + Level 1.8 Summonings
 + Level 1.8 Necromancy
 + Level 1.8 Translocations
 + Level 1.8 Transmutations
 + Level 5.8 Fire Magic
 + Level 1.8 Ice Magic
 + Level 1.8 Air Magic
 + Level 1.8 Earth Magic
 + Level 1.8 Poison Magic
 + Level 2.5 Invocations
 + Level 2.3 Evocations


You had 11 spell levels left.
You knew the following spells:

 Your Spells              Type           Power      Damage    Failure   Level
a - Foxfire               Conj/Fire      84%        2x1d8     1%          1
b - Scorch                Fire           54%        2d8       1%          2
c - Inner Flame           Hex/Fire       19%        N/A       8%          3

Your spell library contained the following spells:

 Spells                   Type           Power      Damage    Failure   Level
 Conjure Flame            Conj/Fire      21%        6-21      6%          3
 Flame Wave               Conj/Fire      21%        2d6       21%         4


Dungeon Overview and Level Annotations

Branches:
Dungeon (5/15)
 Temple: D:4-7

Altars:
Hepliaklqana

Shops:
D:4 *

Annotations:
D:4 Pikel


Innate Abilities, Weirdness & Mutations

You are a tree.
Your roots penetrate the ground, keeping you stationary.
You cannot be teleported.
You are immune to unholy pain and torment.
Your maximum health is greatly increased.
Your equipment is partially melded.
((You have very sharp teeth.))
Your uncanny sense of smell can sniff out nearby items.
Your experience applies equally to all skills.


Message History

Level annotation: Pikel Pikel misses you.
The howler monkey zombie hits you.
* * * LOW HITPOINT WARNING * * *
Pikel closely misses you.
There is a stone staircase leading up, spattered with blood here.
It was a potion of curing.
You feel better. The lemure closely misses you.
The howler monkey zombie barely misses you.
The lemure closely misses you. The lemure misses you.
Pikel hits you with a +2 whip of flaming.
* * * LOW HITPOINT WARNING * * *
Pikel burns you.
* * * LOW HITPOINT WARNING * * *
You can't go down here!
The lemure hits you.
* * * LOW HITPOINT WARNING * * *
The howler monkey zombie misses you. The lemure closely misses you.
The lemure hits you.
* * * LOW HITPOINT WARNING * * *
You block Pikel's attack.
You climb upwards.
There is a stone staircase leading down, spattered with blood here.
It was a potion of lignification.
You turn into a tree.
Your +0 cloak melds into your body.
Your +0 pair of boots melds into your body.
Your +0 robe melds into your body.
Your roots penetrate the ground.
The lemure hits you but does no damage. x2; You block Pikel's attack.
You cannot move.
You cannot move.
You barely miss Pikel. You block the lemure's attack.
The lemure hits you but does no damage. Pikel hits you but does no damage.
The lemure hits you.
* * * LOW HITPOINT WARNING * * *
Casting: Foxfire (safe; 1% risk of failure)
Confirm with . or Enter, or press ? or * to list all spells.
Aiming: Inner Flame (dangerous; 8% risk of failure)
Press: ? - help, Dir - move target, f - Pikel
Aim: Pikel, wielding a +2 whip of flaming and wearing a +0 robe (chance to affect: 75%) Pikel is filled with an inner flame.
The lemure hits you but does no damage.
Pikel hits you with a +2 whip of flaming.
You die...

###..############################
..#..# #.............# # #.#..#
#(###########.#### #.#..#
#.#....#.8.<.∩.8.# ..#..#
#.#.##......#....# ###..#
#.#.####....#.##.# .....#
#.#......##.#.##.#
###.############5#########.#.##.#
...........<...K♣55........#.##.#
###.#######..###############.##.#
..................^..........##.#
..#.#######.###################.#
..#.....# #.........# #.#
..#.###.# #..######.# #.#
..#.....# #..# #.# #.#
#.#.#######..# ####'### #.#
#.#..........# #......# #.#


You could see Pikel (inner flame) and 3 lemures.

Vanquished Creatures
  Edmund (D:4)
  An ice beast (D:5)
  A lemure (D:5)
  A water moccasin skeleton (D:4)
  A bullfrog skeleton (D:4)
  A hound (D:4)
  Terence (D:2)
  5 gnolls
  An adder (D:2)
  An ufetubus (D:4)
  An adder skeleton (D:4)
  3 worms (D:2)
  2 dart slugs
  An orc (D:3)
  8 ball pythons
  4 bats
  11 endoplasms
  4 giant cockroaches
  8 goblins
  3 hobgoblins
  4 jackals (D:3)
  A quokka (D:2)
  4 frilled lizards
  4 kobolds
  2 rats (D:2)
74 creatures vanquished.

Vanquished Creatures (others)
  268 foxfires
268 creatures vanquished.

Grand Total: 342 creatures vanquished

Notes
Turn   | Place    | Note
-------+----------+-------------------------------------------
     0 | D:1      | greenreed the Gnoll Fire Elementalist began the quest for
                  | the Orb.
     0 | D:1      | Reached XP level 1. HP: 13/13 MP: 6/6
   130 | D:1      | Reached XP level 2. HP: 19/19 MP: 3/7
   382 | D:2      | Found a hazy altar of Hepliaklqana.
   734 | D:1      | Reached XP level 3. HP: 25/25 MP: 7/9
   843 | D:1      | Reached skill level 5 in Spellcasting
  1118 | D:1      | Found a faded altar of an unknown god.
  1383 | D:2      | Reached skill level 1 in Invocations
  1430 | D:2      | Noticed Terence
  1445 | D:2      | Killed Terence
  1446 | D:2      | Reached skill level 1 in Fighting
  1446 | D:2      | Reached skill level 1 in Short Blades
  1446 | D:2      | Reached skill level 1 in Long Blades
  1446 | D:2      | Reached skill level 1 in Axes
  1446 | D:2      | Reached skill level 1 in Maces & Flails
  1446 | D:2      | Reached skill level 1 in Polearms
  1446 | D:2      | Reached skill level 1 in Staves
  1446 | D:2      | Reached skill level 1 in Slings
  1446 | D:2      | Reached skill level 1 in Bows
  1446 | D:2      | Reached skill level 1 in Crossbows
  1446 | D:2      | Reached skill level 1 in Throwing
  1446 | D:2      | Reached skill level 1 in Armour
  1446 | D:2      | Reached skill level 1 in Shields
  1446 | D:2      | Reached skill level 1 in Unarmed Combat
  1446 | D:2      | Reached skill level 1 in Evocations
  1446 | D:2      | Reached XP level 4. HP: 14/32 MP: 1/11
  1872 | D:1      | Reached skill level 1 in Hexes
  1872 | D:1      | Reached skill level 1 in Summonings
  1872 | D:1      | Reached skill level 1 in Necromancy
  1872 | D:1      | Reached skill level 1 in Translocations
  1872 | D:1      | Reached skill level 1 in Transmutations
  1872 | D:1      | Reached skill level 1 in Ice Magic
  1872 | D:1      | Reached skill level 1 in Air Magic
  1872 | D:1      | Reached skill level 1 in Earth Magic
  1872 | D:1      | Reached skill level 1 in Poison Magic
  2163 | D:2      | Reached XP level 5. HP: 37/37 MP: 4/12
  2170 | D:2      | Learned a level 2 spell: Scorch
  2174 | D:2      | Learned a level 3 spell: Inner Flame
  4120 | D:4      | Found Bapricag's Assorted Antiques.
  4128 | D:4      | Bought a twitching zirconium amulet for 120 gold pieces
  4128 | D:4      | Identified the amulet "Kiohuomn" {Reflect Int+3 Dex+2 SH+5}
                  | (You bought it in a shop on level 4 of the Dungeon)
  4213 | D:4      | Noticed Edmund
  4299 | D:4      | Killed Edmund
  4300 | D:4      | Reached XP level 6. HP: 44/44 MP: 7/14
  4515 | D:4      | Reached skill level 5 in Dodging
  4946 | D:5      | Entered Level 5 of the Dungeon
  4957 | D:5      | Noticed an ice beast
  4988 | D:5      | Killed an ice beast
  4989 | D:5      | Reached XP level 7. HP: 28/50 MP: 8/15
  5172 | D:5      | Noticed Pikel
  5261 | D:4      | Slain by Pikel

Illustrated notes

Levels and vault maps discovered:
D:1:      elethiomel_arrival_quiet, layout_loops_ring,
          shapermc_ecumenical_altar_venn
D:2:      layout_basic, basic_altar, uniq_terence
D:3:      layout_basic
D:4:      layout_basic, serial_shops, shop_statue, uniq_edmund
D:5:      layout_rooms, kennysheep_diamond, uniq_blork_the_orc, uniq_duvessa,
          uniq_pikel

Skill      XL: |  1  2  3  4  5  6 |
---------------+-------------------+-----
Conjurations   | 2 |  2.8
Spellcasting   | 5 |  5.5
Invocations    | 1 2 |  2.5
Fighting       | 1 2 |  2.3
Short Blades   | 1 2 |  2.3
Long Blades    | 1 2 |  2.3
Axes           | 1 2 |  2.3
Maces & Flails | 1 2 |  2.3
Polearms       | 1 2 |  2.3
Staves         | 1 2 |  2.3
Slings         | 1 2 |  2.3
Bows           | 1 2 |  2.3
Crossbows      | 1 2 |  2.3
Throwing       | 1 2 |  2.3
Armour         | 1 2 |  2.3
Shields        | 1 2 |  2.3
Unarmed Combat | 1 2 |  2.3
Evocations     | 1 2 |  2.3
Hexes          | 1 |  1.8
Summonings     | 1 |  1.8
Necromancy     | 1 |  1.8
Translocations | 1 |  1.8
Transmutations | 1 |  1.8
Ice Magic      | 1 |  1.8
Air Magic      | 1 |  1.8
Earth Magic    | 1 |  1.8
Poison Magic   | 1 |  1.8
Dodging        | 5 |  5.1
Stealth        | |  4.8
Fire Magic     | |  5.8

Action                   |  1- 3 |  4- 6 |  7- 9 || total
-------------------------+-------+-------+-------++-------
Melee: Unarmed           |       |     1 |       ||     1
       Halberd           |       |    16 |     7 ||    23
       Bite              |       |     1 |       ||     1
 Cast: Foxfire           |    62 |   110 |    10 ||   182
       Inner Flame       |       |     1 |     1 ||     2
       Scorch            |       |     6 |       ||     6
  Use: Potion            |       |       |     2 ||     2
Armor: Robe              |     1 |    10 |     5 ||    16
       Skin              |       |       |     5 ||     5
Dodge: Dodged            |    10 |    37 |    22 ||    69
Block: Other             |       |     2 |    10 ||    12

Table legend: (Time is in decaauts)
 A = Elapsed time spent in this place.
 B = Non-inter-level travel time spent in this place.
 C = Inter-level travel time spent in this place.
 D = Time resting spent in this place.
 E = Time spent auto-exploring this place.
 F = Levels seen in this place.
 G = Mean time per level.
                   A        B        C        D        E       F      G
               +--------+--------+--------+--------+--------+-----+--------+
         Total |   5275 |   4948 |    327 |    353 |   3709 |   5 | 1055.0 |
       Dungeon |   5275 |   4948 |    327 |    353 |   3709 |   5 | 1055.0 |
               +--------+--------+--------+--------+--------+-----+--------+

Top non-repeatable levels by time:
     D:2: 1600 daAuts
     D:1: 1302 daAuts
     D:4: 1170 daAuts
     D:3: 972 daAuts
     D:5: 230 daAuts
